 Dungeon Crawl Stone Soup version 0.28-a0-556-gab23d0e057 (webtiles) character file.

Game seed: 5976075876718249885

368 meatgazer the Chopper (level 6, 0/58 HPs)
             Began as a Hill Orc Monk on Sept 28, 2021.
             Was a Believer of Ru.
             Slain by an adder (4 damage)
             ... on level 5 of the Dungeon.
             The game lasted 00:07:36 (4523 turns).

meatgazer the Chopper (Hill Orc Monk)               Turns: 4523, Time: 00:07:37

Health: 0/58       AC:  6    Str: 16    XL:     6   Next: 69%
Magic:  6/6        EV: 12    Int: 10    God:    Ru [**....]
Gold:   144        SH:  0    Dex: 13    Spells: 5/5 levels left

rFire   x . .      SeeInvis +   a - +0 hand axe
rCold   . . .      Faith    .   (no shield)
rNeg    . . .      Spirit   .   b - +1 robe
rPois   .          Reflect  .   (no helmet)
rElec   .          Harm     .   k - +2 cloak {Will+}
rCorr   .          Rampage  .   (no gloves)
Will    +....                   (no boots)
Stlth   ++........              j - amulet of the acrobat
HPRegen 0.19/turn               l - ring of see invisible
MPRegen 0.10/turn               d - ring of protection from cold

@: no status effects
A: temperature sensitive
a: Renounce Religion


You were on level 5 of the Dungeon.
You worshipped Ru.
Ru was pleased with you.
You visited 1 branch of the dungeon, and saw 5 of its levels.

You collected 144 gold pieces.

Inventory:

Hand Weapons
 a - a +0 hand axe (weapon)
Armour
 b - a +1 robe (worn)
 k - a +2 cloak of willpower (worn)
Jewellery
 c - a ring of fire
 d - a ring of protection from cold (right hand)
 j - an amulet of the acrobat (around neck)
 l - a ring of see invisible (left hand)
Wands
 h - a wand of iceblast (8)
 i - a wand of mindburst (5)
Scrolls
 g - a scroll of fear {unknown}
Potions
 e - a potion of attraction
 f - a potion of curing {unknown}


   Skills:
 + Level 6.7 Fighting
 + Level 7.3 Axes
 - Level 2.4 Dodging
 - Level 1.5 Stealth


You had 5 spell levels left.
You didn't know any spells.
Your spell library contained the following spells:

 Spells                   Type           Power      Damage    Failure   Level
 Call Canine Familiar     Summ           0%         N/A       75%         3
 Portal Projectile        Hex/Tloc       0%         N/A       75%         3
 Leda's Liquefaction      Hex/Erth       0%         N/A       98%         4


Dungeon Overview and Level Annotations

Branches:
Dungeon (5/15)             Temple (0/1) D:4

Altars:
Ashenzari
Ru
Wu Jian


Innate Abilities, Weirdness & Mutations

You are sensitive to extremes of temperature. (rF-, rC-)


Message History

You closely miss the adder.
The adder is almost dead.
You hit the phantom but do no damage.
The phantom stops glowing.
The adder closely misses you.
The phantom hits you but does no damage.
You miss the adder.
The adder is almost dead.
You hit the phantom but do no damage. The adder bites you but does no damage.
The phantom is stunned by your conviction and fails to attack.
You miss the adder.
The adder is almost dead.
You hit the phantom but do no damage. The adder bites you but does no damage.
The phantom hits you.
* * * LOW HITPOINT WARNING * * *
The adder closely misses you.
You barely miss the phantom.
The phantom is heavily damaged.
You miss the adder. The adder bites you.
* * * LOW HITPOINT WARNING * * *
The phantom closely misses you.
You hit the phantom.
The phantom is severely damaged.
You closely miss the adder. The adder bites you but does no damage.
The phantom closely misses you.
You slash the phantom!
The phantom is almost destroyed.
You barely miss the adder. The adder barely misses you. The phantom hits you.
* * * LOW HITPOINT WARNING * * *
You hit the phantom but do no damage.
The phantom is almost destroyed.
You closely miss the adder.
The adder is stunned by your conviction and fails to attack.
The adder bites you but does no damage.
You hit the phantom.
You destroy the phantom!
You hit the adder. The adder bites you but does no damage.
You closely miss the adder.
The adder is almost dead.
The adder bites you.
You die...

###########
#.........#
#........(#
#.........# #..#.
#....S....# .....
#...@.....######....
#..........#........
#.............#..##.#
#...........#.......
.................#
#.........####....#
#....[....####<..)##
#..................#
#########....#.#


You could see an adder.

Vanquished Creatures
  A necrophage (D:4)
  A phantom (D:5)
  Blork the orc (D:4)
  A centaur skeleton (D:4)
  An iguana (D:4)
  2 adders (D:2)
  2 ufetubi
  2 worms (D:2)
  A dart slug (D:1)
  2 orcs (D:5)
  5 bats
  3 giant cockroaches
  9 goblins
  2 hobgoblins (D:1)
  7 jackals (D:2)
  2 quokkas (D:1)
  7 ball pythons
  2 frilled lizards (D:1)
  6 kobolds
  4 rats (D:1)
61 creatures vanquished.

Notes
Turn   | Place    | Note
-------+----------+-------------------------------------------
     0 | D:1      | meatgazer the Hill Orc Monk began the quest for the Orb.
     0 | D:1      | Reached XP level 1. HP: 19/19 MP: 1/1
   367 | D:1      | Reached XP level 2. HP: 21/27 MP: 2/2
  1100 | D:1      | Reached XP level 3. HP: 32/34 MP: 3/3
  1412 | D:2      | Found a faded altar of an unknown god.
  1436 | D:2      | HP: 1/34 [bat (1)]
  1446 | D:2      | Became a worshipper of Ru the Awakened
  1787 | D:2      | Gained mutation: You are sensitive to extremes of
                  | temperature. (rF-, rC-) [Ru sacrifice]
  1787 | D:2      | Reached * piety under Ru
  1787 | D:2      | Reached ** piety under Ru
  1817 | D:2      | Reached skill level 5 in Axes
  2568 | D:2      | Reached XP level 4. HP: 25/41 MP: 4/4
  2953 | D:2      | Reached skill level 5 in Fighting
  3278 | D:4      | Found an ornate altar of the Wu Jian Council.
  3301 | D:4      | Found a staircase to the Ecumenical Temple.
  3324 | D:4      | Noticed a necrophage
  3339 | D:4      | Killed a necrophage
  3340 | D:4      | Reached skill level 6 in Axes
  3340 | D:4      | Reached XP level 5. HP: 21/50 MP: 5/5
  3797 | D:4      | Found a broken altar of Ashenzari.
  3870 | D:4      | Noticed Blork the orc
  3890 | D:4      | Killed Blork the orc
  3891 | D:4      | Reached skill level 7 in Axes
  3891 | D:4      | Reached XP level 6. HP: 5/58 MP: 6/6
  4337 | D:5      | Entered Level 5 of the Dungeon
  4523 | D:5      | Slain by an adder

Illustrated notes

Levels and vault maps discovered:
D:1:      elethiomel_arrival_maze, layout_basic
D:2:      layout_basic, basic_ecumenical_altar, chequers_serial_rivers_micro_b
D:3:      layout_loops_ring, xom_butterflies
D:4:      layout_layer_cave, marbit_many_paths, ashenzari_altar_1,
          nicolae_wu_jian_wuxing_cycle, nicolae_tso_carved_into_rock,
          minmay_temple_entry_glassed_door, uniq_blork_the_orc
D:5:      layout_rooms, serial_shops, nicolae_diamond_shop,
          portal_sewer_entry_e, kennysheep_nub, sigmund_edmund_badplayer,
          uniq_edmund

Skill      XL: |  1  2  3  4  5 |
---------------+----------------+-----
Fighting       | 4 5 6 |  6.7
Axes           | 5 6 7 |  7.3
Dodging        | |  2.4
Stealth        | |  1.5

Action                   |  1- 3 |  4- 6 || total
-------------------------+-------+-------++-------
Melee: Hand axe          |   148 |   162 ||   310
Invok: Sacrifice Resista |     1 |       ||     1
  Use: Scroll            |     1 |     5 ||     6
       Potion            |       |     1 ||     1
 Stab: Sleeping          |     6 |     1 ||     7
       Distracted        |     1 |       ||     1
Armor: Robe              |    36 |    52 ||    88
Dodge: Dodged            |   119 |   121 ||   240

Table legend: (Time is in decaauts)
 A = Elapsed time spent in this place.
 B = Non-inter-level travel time spent in this place.
 C = Inter-level travel time spent in this place.
 D = Time resting spent in this place.
 E = Time spent auto-exploring this place.
 F = Levels seen in this place.
 G = Mean time per level.
                   A        B        C        D        E       F      G
               +--------+--------+--------+--------+--------+-----+--------+
         Total |   4530 |   4463 |     67 |    289 |   3558 |   5 |  906.0 |
       Dungeon |   4530 |   4463 |     67 |    289 |   3558 |   5 |  906.0 |
               +--------+--------+--------+--------+--------+-----+--------+

Top non-repeatable levels by time:
     D:2: 1571 daAuts
     D:1: 1417 daAuts
     D:4: 1323 daAuts
     D:5: 184 daAuts
     D:3: 33 daAuts
